 Dungeon Crawl Stone Soup version 0.29-a0-375-g5102b3be25 (webtiles) character file.

Game seed: 2169262722617439565

89 spaghetti the Poker (level 4, 0/61 HPs)
             Began as a Gnoll Chaos Knight on May 3, 2022.
             Was a Plaything of Xom.
             Slain by a sky beast (1 damage)
             ... on level 4 of the Dungeon.
             The game lasted 00:02:36 (1393 turns).

spaghetti the Poker (Gnoll Chaos Knight)            Turns: 1393, Time: 00:02:37

Health: 0/61       AC: 22    Str: 11    XL:     4   Next: 55%
Magic:  5/5        EV:  2    Int: 14    God:    Xom [....*.]
Gold:   118        SH:  0    Dex: 11    Spells: 5/5 levels left

rFire   . . .      SeeInvis .   a - +0 spear (chaos) {polearm}
rCold   . . .      Faith    .   (no shield)
rNeg    . . .      Spirit   .   (body armour currently unavailable)
rPois   +          Reflect  .   (helmet currently unavailable)
rElec   .          Harm     .   (cloak currently unavailable)
rCorr   .          Rampage  .   (gloves currently unavailable)
Will    .....      NoTele   +   (boots currently unavailable)
Stlth   ++........              (no amulet)
HPRegen 0.20/turn               (no ring)
MPRegen 0.09/turn               (no ring)

@: tree-form, invisible
A: stationary, stasis, torment immunity, boosted hp, (fangs 1), strong nose,
distributed training
a: Renounce Religion


You were on level 4 of the Dungeon.
You worshipped Xom.
You were a beloved toy of Xom.
You were a tree.
You visited 1 branch of the dungeon, and saw 3 of its levels.

You collected 118 gold pieces.


Innate Abilities, Weirdness & Mutations

You are a tree.
Your roots penetrate the ground, keeping you stationary.
You cannot be teleported.
You are immune to unholy pain and torment.
Your maximum health is greatly increased.
Your equipment is partially melded.
((You have very sharp teeth.))
Your uncanny sense of smell can sniff out nearby items.
Your experience applies equally to all skills.


   Skills:
 + Level 6.6 Fighting
 + Level 1.2 Short Blades
 + Level 1.2 Long Blades
 + Level 1.2 Axes
 + Level 1.2 Maces & Flails
 + Level 6.6 Polearms
 + Level 1.2 Staves
 + Level 1.2 Slings
 + Level 1.2 Bows
 + Level 1.2 Crossbows
 + Level 1.2 Throwing
 + Level 4.6 Armour
 + Level 2.8 Dodging
 + Level 1.2 Stealth
 + Level 1.2 Shields
 + Level 1.2 Unarmed Combat
 + Level 1.2 Spellcasting
 + Level 1.0 Conjurations
 + Level 1.0 Hexes
 + Level 1.0 Summonings
 + Level 1.0 Necromancy
 + Level 1.0 Translocations
 + Level 1.0 Transmutations
 + Level 1.0 Fire Magic
 + Level 1.0 Ice Magic
 + Level 1.0 Air Magic
 + Level 1.0 Earth Magic
 + Level 1.0 Poison Magic
 + Level 1.3 Invocations
 + Level 1.2 Evocations


You had 5 spell levels left.
You didn't know any spells.
Your spell library contained the following spells:

 Spells                   Type           Power      Damage    Failure   Level
 Shock                    Conj/Air       12%        1d3       17%         1
 Swiftness                Air            3%         N/A       45%         3
 Airstrike                Air            1%         N/A       86%         4

Inventory:

Hand Weapons
 a - a +0 spear of chaos (weapon) {polearm}
Missiles
 d - 103 stones (quivered) {throwing}
Armour
 b - a +2 leather armour (melded)
 e - a +1 helmet (melded)
   (You found it on level 1 of the Dungeon)
Jewellery
 h - a ring of poison resistance
   (You found it on level 1 of the Dungeon)
Scrolls
 g - 3 scrolls of teleportation {unknown}
 k - 2 scrolls of immolation {unknown}
 l - a scroll of identify {unknown}
 m - a scroll of enchant armour {unknown}
 n - a scroll of poison {unknown}
 o - a scroll of vulnerability {unknown}
Miscellaneous
 c - a piece from Xom's chessboard (15/15)

Dungeon Overview and Level Annotations

Branches:
Dungeon (2/15)

Altars:

Shops:
D:2

( ##.....>.#
+........#
+........#
#.......#+##
###.....?...#
......§.§...#
......§§§...#
......Y♣§...#
......§§.§..#
........§...#
............#
#.....
............###
.....
#####.........#
#....
+.........#
#....
#.........#
#....
#.........#
#....


You could see a sky beast (can't see you).


Message History

Unknown command.
Unknown command.
You barely miss the hound. You bite the hound.
The hound bites you but does no damage.
You hit the hound but do no damage.
The hound pauses to sniff the ground.
The hound bites you. 😕 HP[-3]
You take 3 damage, and now have 38/41 hp.
Unknown command.
You miss the hound. The hound bites you but does no damage.
You hit the hound but do no damage.
Space warps horribly around the hound!
The hound misses you. Something hits you. Something shocks you. 😕 HP[-7]
You take 7 damage, and now have 31/41 hp.
You closely miss the hound. The hound barely misses you.
The hound bites you but does no damage.
A sky beast appears from thin air!
Reactivating autopickup.
The sky beast hits you but does no damage.
Unknown command.
Unknown command.
You barely miss the hound. The hound bites you but does no damage.
You hit the hound. You burn the hound.
You kill the hound!
The sky beast hits you. The sky beast shocks you.
Your Conjurations skill increases to level 1!
Your Hexes skill increases to level 1!
Your Summonings skill increases to level 1!
Your Necromancy skill increases to level 1!
Your Translocations skill increases to level 1!
Your Transmutations skill increases to level 1!
Your Fire Magic skill increases to level 1!
Your Ice Magic skill increases to level 1!
Your Air Magic skill increases to level 1!
Your Earth Magic skill increases to level 1!
Your Poison Magic skill increases to level 1! 😮 HP[-7]
You take 7 damage, and now have 24/41 hp.
You closely miss the sky beast.
You bite the sky beast, but do no damage.
The sky beast flickers out of sight!
Deactivating autopickup; reactivate with Ctrl-A.
Something hits you. Something shocks you.
* * * LOW HITPOINT WARNING * * *
😨 HP[-7]
You take 7 damage, and now have 17/41 hp.
Unknown command.
Unknown command.
It was a potion of heal wounds.
You feel much better.
Xom thinks this is hilarious!
Something hits you but does no damage. 😎 HP[+24]
Your hp is fully restored (41).
Unknown command.
You barely miss something. Something hits you. Something shocks you. 😕 HP[-9]
You take 9 damage, and now have 32/41 hp.
MASSIVE DAMAGE!! (PAUSE) Unknown command.
You closely miss something. 😕 HP[+1]
You closely miss something. You bite something. Something hits you.
Something shocks you. 😮 HP[-8]
You take 8 damage, and now have 25/41 hp.
You closely miss something. Your punch misses something. Something hits you.
Something shocks you.
* * * LOW HITPOINT WARNING * * *
😨 HP[-9]
You take 9 damage, and now have 16/41 hp.
MASSIVE DAMAGE!! (PAUSE) Unknown command.
It was a potion of invisibility.
You fade into invisibility!
Xom roars with laughter!
Something hits you.
* * * LOW HITPOINT WARNING * * *
Something shocks you.
* * * LOW HITPOINT WARNING * * *
😱 HP[-9]
You take 9 damage, and now have 7/41 hp.
MASSIVE DAMAGE!! (PAUSE) It was a potion of lignification.
You turn into a tree.
Your +1 helmet melds into your body.
Your +2 leather armour melds into your body.
Your roots penetrate the ground.
A sky beast appears from thin air!
Reactivating autopickup.
The sky beast hits you.
* * * LOW HITPOINT WARNING * * *
The sky beast shocks you.
* * * LOW HITPOINT WARNING * * *
😱 HP[-6]
You now have 61 max hp (+20).
Unknown command.
Unknown command.
Okay, then.
You strike the helpless sky beast from behind!
You hit the sky beast. The sky beast hits you.
You die...
Xom laughs nastily!

Skill      XL: |  1  2  3  4 |
---------------+-------------+-----
Short Blades   | 1 |  1.2
Long Blades    | 1 |  1.2
Axes           | 1 |  1.2
Maces & Flails | 1 |  1.2
Staves         | 1 |  1.2
Slings         | 1 |  1.2
Bows           | 1 |  1.2
Crossbows      | 1 |  1.2
Throwing       | 1 |  1.2
Stealth        | 1 |  1.2
Shields        | 1 |  1.2
Unarmed Combat | 1 |  1.2
Spellcasting   | 1 |  1.2
Invocations    | 1 |  1.3
Evocations     | 1 |  1.2
Conjurations   | 1 |  1.0
Hexes          | 1 |  1.0
Summonings     | 1 |  1.0
Necromancy     | 1 |  1.0
Translocations | 1 |  1.0
Transmutations | 1 |  1.0
Fire Magic     | 1 |  1.0
Ice Magic      | 1 |  1.0
Air Magic      | 1 |  1.0
Earth Magic    | 1 |  1.0
Poison Magic   | 1 |  1.0
Fighting       | |  6.6
Polearms       | |  6.6
Armour         | |  4.6
Dodging        | |  2.8

Action                   |  1- 3 |  4- 6 || total
-------------------------+-------+-------++-------
Melee: Spear             |    92 |    16 ||   108
       Bite              |     7 |     3 ||    10
       Punch             |     1 |       ||     1
  Use: Potion            |       |     3 ||     3
 Stab: Petrifying        |     1 |       ||     1
       Sleeping          |     1 |       ||     1
       Invisible         |       |     1 ||     1
Armor: Leather armour    |    27 |     6 ||    33
Dodge: Dodged            |    34 |     5 ||    39

Levels and vault maps discovered:
D:1:      kennysheep_arrival_seaside, layout_rooms,
          dreamdust_ecumenical_altar_statues
D:2:      layout_loops_ring, serial_shops, shop_statue,
          nicolae_shop_behind_doors, shop_scrolls
D:4:      layout_gridville, grunt_gozag_breadcrumbs, vehumet_altar_wand_db,
          gammafunk_temple_overflow_wave, serial_shops,
          nicolae_shop_temple_entry_statues_fountains, corexii_checkpoint_b

Notes
Turn   | Place    | Note
-------+----------+-------------------------------------------
     0 | D:1      | spaghetti the Gnoll Chaos Knight began the quest for the
                  | Orb.
     0 | D:1      | Reached XP level 1. HP: 23/23 MP: 1/1
     0 | D:1      | magus.rc [v1.9.6]
     7 | D:1      | You pick up a book of Air and begin reading...
     7 | D:1      | You add the spells Shock, Swiftness and Airstrike to your
                  | library.
    68 | D:1      | Reached XP level 2. HP: 21/29 MP: 2/2
   204 | D:1      | Found a faded altar of an unknown god.
   381 | D:1      | XOM: divination: detect items
   436 | D:1      | XOM: silly message
   901 | D:2      | Found Memuips's Weapon Emporium.
   977 | D:2      | Reached XP level 3. HP: 34/35 MP: 3/3
  1021 | D:2      | You fall into a shaft and drop 2 floors!
  1039 | D:4      | Reached skill level 1 in Short Blades
  1039 | D:4      | Reached skill level 1 in Long Blades
  1039 | D:4      | Reached skill level 1 in Axes
  1039 | D:4      | Reached skill level 1 in Maces & Flails
  1039 | D:4      | Reached skill level 1 in Staves
  1039 | D:4      | Reached skill level 1 in Slings
  1039 | D:4      | Reached skill level 1 in Bows
  1039 | D:4      | Reached skill level 1 in Crossbows
  1039 | D:4      | Reached skill level 1 in Throwing
  1039 | D:4      | Reached skill level 1 in Stealth
  1039 | D:4      | Reached skill level 1 in Shields
  1039 | D:4      | Reached skill level 1 in Unarmed Combat
  1039 | D:4      | Reached skill level 1 in Spellcasting
  1039 | D:4      | Reached skill level 1 in Invocations
  1039 | D:4      | Reached skill level 1 in Evocations
  1039 | D:4      | Reached XP level 4. HP: 10/41 MP: 3/5
  1192 | D:4      | XOM: 1-stop teleportation journey
  1374 | D:4      | Noticed a sky beast
  1377 | D:4      | XOM: fog
  1385 | D:4      | Reached skill level 1 in Conjurations
  1385 | D:4      | Reached skill level 1 in Hexes
  1385 | D:4      | Reached skill level 1 in Summonings
  1385 | D:4      | Reached skill level 1 in Necromancy
  1385 | D:4      | Reached skill level 1 in Translocations
  1385 | D:4      | Reached skill level 1 in Transmutations
  1385 | D:4      | Reached skill level 1 in Fire Magic
  1385 | D:4      | Reached skill level 1 in Ice Magic
  1385 | D:4      | Reached skill level 1 in Air Magic
  1385 | D:4      | Reached skill level 1 in Earth Magic
  1385 | D:4      | Reached skill level 1 in Poison Magic
  1391 | D:4      | HP: 7/41 [something (5)]
  1392 | D:4      | HP: 1/61 [sky beast (6)]
  1393 | D:4      | Slain by a sky beast

Vanquished Creatures
  2 hounds (D:4)
  2 bats
  3 endoplasms (D:1)
  A giant cockroach (D:1)
  4 goblins
  5 jackals
  2 kobolds (D:1)
  2 ball pythons (D:2)
  2 frilled lizards (D:1)
  2 rats (D:1)
25 creatures vanquished.

Table legend:
 A = Non-vault XP
 B = Vault XP
 C = Vault XP percentage of total XP
 D = Non-vault monster count
 E = Vault monster count
 F = Vault count percentage of total count
                 A         B        C        D         E       F
            +---------+---------+-------+---------+---------+-------
      Total |     128 |       0 |   0.0 |      25 |       0 |   0.0
            +---------+---------+-------+---------+---------+-------
        D:1 |      27 |       0 |   0.0 |      16 |       0 |   0.0
        D:2 |      13 |       0 |   0.0 |       7 |       0 |   0.0
        D:4 |      88 |       0 |   0.0 |       2 |       0 |   0.0
            +---------+---------+-------+---------+---------+-------

Illustrated notes

Table legend:
 A = Kills in this place as a percentage of kills in entire the game.
 B = Kills by you in this place as a percentage of kills by you in the entire game.
 C = Kills by friends in this place as a percentage of kills by friends in the entire game.
 D = Other kills in this place as a percentage of other kills in the entire game.
 E = Experience gained in this place as a percentage of experience gained in the entire game.
 F = Experience gained in this place divided by the number of levels of this place that you have seen.
                   A       B       C       D       E      F
               +-------+-------+-------+-------+-------+----------------------
         Total | 100.0 | 100.0 |   N/A |   N/A | 100.0 |  42.7
       Dungeon | 100.0 | 100.0 |   N/A |   N/A | 100.0 |  42.7
               +-------+-------+-------+-------+-------+----------------------

Table legend: (Time is in decaauts)
 A = Elapsed time spent in this place.
 B = Non-inter-level travel time spent in this place.
 C = Inter-level travel time spent in this place.
 D = Time resting spent in this place.
 E = Time spent auto-exploring this place.
 F = Levels seen in this place.
 G = Mean time per level.
                   A        B        C        D        E       F      G
               +--------+--------+--------+--------+--------+-----+--------+
         Total |   1372 |   1345 |     27 |    309 |    843 |   3 |  457.3 |
       Dungeon |   1372 |   1345 |     27 |    309 |    843 |   3 |  457.3 |
               +--------+--------+--------+--------+--------+-----+--------+

Top non-repeatable levels by time:
     D:1: 732 daAuts
     D:4: 365 daAuts
     D:2: 275 daAuts
